Match 42313801
Unlisted

Match 42313801
End
Construct Infanterie Kompanie
Grenadier Squad
Grenadier Squad
MG 42 Machine Gun Team
GrW 34 Mortar Team
Construct Panzergrenadier Kompanie
251 Medium Carrier
Panzergrenadier Squad
Pak 40 Anti-tank Gun Team
Panzergrenadier Squad
Selects Breakthrough Battlegroup
Selects Rapid Production
Selects Blitzkrieg
Panzergrenadier Squad
Construct Panzer Kompanie
Stoßtruppen Squad
Stoßtruppen Squad
Selects Tiger Heavy Tank
Tiger Heavy Tank
Medical Bunker
Selects Assault Grenadiers
Pioneer Squad
Pioneer Squad
Stoßtruppen Squad
Panzer IV Medium Tank
Selects Breakthrough
Selects Incendiary Bombing Run
Pioneer Squad
Blitzkrieg
Starsky
BladeRunner
Abeli
Rangefinder
Tamplar_kaz
沃嫩蝶
0
0

Comments sign in to comment!

No comments posted yet!